 Dungeon Crawl Stone Soup version 0.20-a0-959-gdc9e609 (webtiles) character file.

79 Hybris the Skirmisher (level 4, -5/49 HPs)
             Began as an Ogre Fighter on Apr 6, 2017.
             Slain by a gnoll
             ... wielding a +0 mace
              (6 damage)
             ... on level 1 of the Dungeon.
             The game lasted 00:04:46 (1696 turns).

Hybris the Skirmisher (Ogre Fighter)                Turns: 1696, Time: 00:04:47

Health: -5/49      AC:  4    Str: 21    XL:     4   Next: 37%
Magic:  4/4        EV:  8    Int:  9    God:
Gold:   53         SH:  8    Dex:  8    Spells: 3/3 levels left

rFire    . . .     SeeInvis .   a - +0 flail
rCold    . . .     Gourm    .   c - +0 shield
rNeg     . . .     Faith    .   b - +0 robe
rPois    .         Spirit   .   (helmet restricted)
rElec    .         Reflect  .   l - +0 cloak
rCorr    .         Harm     .   (gloves unavailable)
MR       .....                  (boots unavailable)
Stlth    +.........             (no amulet)
Regen    0.2/turn               (no ring)
MPRegen  0.1/turn               (no ring)

@: no status effects
A: unfitting armour, tough skin 1
a: no special abilities


You were on level 1 of the Dungeon.
You were hungry.

You visited 1 branch of the dungeon, and saw 2 of its levels.

You collected 53 gold pieces.

Inventory:

Hand Weapons
 a - a +0 flail (weapon)
 q - a +0 club
Armour
 b - a +0 robe (worn)
 c - a +0 shield (worn)
 l - a +0 cloak (worn)
Jewellery
 e - an uncursed amulet of faith {unknown}
 k - a +2 amulet of reflection {unknown}
Scrolls
 h - 3 scrolls of fog {unknown}
 j - a scroll of noise {unknown}
 m - a scroll of teleportation {unknown}
Potions
 g - a potion of curing
 n - a potion of agility {unknown}
 o - a potion of ambrosia {unknown}
 p - a potion of heal wounds {unknown}
Comestibles
 f - a bread ration


   Skills:
 + Level 4.9 Fighting
 + Level 3.5 Maces & Flails
 - Level 2.6 Dodging
 - Level 2.6 Shields


You had 3 spell levels left.
You didn't know any spells.

Dungeon Overview and Level Annotations

Branches:
Dungeon (2/15)

Altars:


Innate Abilities, Weirdness & Mutations

You are too large for most types of armour.
You have tough skin. (AC +1)


Message History

The gnoll is heavily wounded.
The gnoll hits you with a halberd! The gnoll hits you with a mace.
You barely miss the gnoll.
The gnoll is heavily wounded.
The gnoll closely misses you. The gnoll barely misses you.
You hit the gnoll but do no damage.
The gnoll is heavily wounded.
The gnoll hits you with a halberd. The gnoll hits you but does no damage.
You completely miss the gnoll.
The gnoll is heavily wounded.
The gnoll hits you with a halberd! You block the gnoll's attack.
You completely miss the gnoll.
The gnoll is heavily wounded.
The gnoll barely misses you. The gnoll hits you with a mace.
The gnoll hits you with a halberd!
* * * LOW HITPOINT WARNING * * *
You thump the gnoll!
You kill the gnoll!
The gnoll hits you with a mace.
You die...

#.......#....#
..#...#......#
....#........#
....#.......######
..#...#..........#
#.......#....###.#
..........#.## #.#
...###......####g#
...............)@#
..).######.#####.#
.....# #...# #.#
.....# #.### ###
.....## #.#
####..# #.# ##.##
#.# #..# #.#
##.###.#


You could see a gnoll.

Vanquished Creatures
  3 gnolls
  An adder (D:1)
  An ooze (D:1)
  A worm (D:2)
  3 dart slugs
  3 bats
  5 goblins
  5 hobgoblins
  2 frilled lizards (D:2)
  5 kobolds
  A rat (D:1)
30 creatures vanquished.

Notes
Turn   | Place    | Note
-------+----------+-------------------------------------------
     0 | D:1      | Hybris the Ogre Fighter began the quest for the Orb.
     0 | D:1      | Reached XP level 1. HP: 24/24 MP: 1/1
   133 | D:1      | Reached XP level 2. HP: 30/32 MP: 2/2
   843 | D:2      | Reached XP level 3. HP: 37/39 MP: 3/3
  1353 | D:2      | Reached XP level 4. HP: 8/49 MP: 4/4
  1695 | D:1      | HP: 1/49 [gnoll/halberd (14)]
  1696 | D:1      | Slain by a gnoll

Vault maps used:
D:1:      dpeg_arrival_water_fire, minmay_misc_feat_more_columns
D:2:      nicolae_overflow_crystal_walls, uniq_crazy_yiuf_cottage

Skill      XL: |  1  2  3 |
---------------+----------+-----
Maces & Flails | 2 3 |  3.5
Fighting       | |  4.9
Dodging        | |  2.6
Shields        | |  2.6

Action                   |  1- 3 |  4- 6 || total
-------------------------+-------+-------++-------
Melee: Flail             |    99 |    13 ||   112
  Use: Potion            |     1 |     1 ||     2
  Eat: Chunk             |     1 |     1 ||     2
Armor: Robe              |    28 |     1 ||    29
Dodge: Dodged            |    36 |    10 ||    46
Block: Shield            |    46 |     7 ||    53
